 Dungeon Crawl Stone Soup version 0.16-a0-1083-g6a3eec8 (webtiles) character file.

450 xcesad the Sneak (level 6, -9/47 HPs)
             Began as a Demonspawn Assassin on Oct 5, 2014.
             Mangled by Drachen's ghost (11 damage)
             ... on level 4 of the Dungeon.
             The game lasted 00:14:06 (2947 turns).

xcesad the Sneak (Demonspawn Assassin)              Turns: 2947, Time: 00:14:06

HP  -9/47        AC  4     Str 11      XL: 6   Next: 74%
MP   0/6         EV 13     Int 13      God:
Gold 151         SH  6     Dex 16      Spells:  0 memorised,  5 levels left

rFire  . . .     SeeInvis .     e - +1 dagger (venom)
rCold  . . .     Clarity  .     c - +0 robe
rNeg   . . .     rCorr    .     n - +2 buckler
rPois  .         rRot     .     (helmet restricted)
rElec  .         Spirit   +     d - +0 cloak
SustAb .         Warding  .     x - +0 pair of gloves
rMut   .         Stasis   .     (no boots)
Gourm  .                        (no amulet)
MR     .....                    (no ring)
                                k - ring of flight

@: not resistant to hostile enchantments, fairly stealthy
A: horns 2, magic shield, magic regeneration
a: Evoke Flight


You were on level 4 of the Dungeon.
You were not hungry.

You visited 1 branch of the dungeon, and saw 4 of its levels.

You collected 151 gold pieces.

Inventory:

Hand weapons
 a - a +2 dagger
 b - a +0 blowgun
 e - a +1 dagger of venom (weapon)
 o - a +0 greatsling
 y - a +0 dagger of venom
 z - a +0 halberd of chopping
Missiles
 f - 35 poisoned needles
 i - 2 needles of confusion
 r - 8 needles of sleeping
 w - a curare-tipped needle
Armour
 c - a +0 robe (worn)
 d - a +0 cloak (worn)
 n - a +2 buckler (worn)
 x - a +0 pair of gloves (worn)
Magical devices
 p - a wand of frost (9)
Comestibles
 g - 2 bread rations
 s - a beef jerky
Scrolls
 h - a scroll of identify
 l - a scroll of remove curse
 m - 3 scrolls of noise {unknown}
 q - a scroll of recharging
Jewellery
 k - a ring of flight (left hand)


   Skills:
 + Level 3.3 Fighting
 + Level 2.6 Short Blades
 + Level 2.4 Throwing
 + Level 3.0 Dodging
 + Level 5.4 Stealth
 + Level 1.7 Shields


You had 5 spell levels left.
You didn't know any spells.

Dungeon Overview and Level Annotations

Branches:
Dungeon (4/15)
 Temple: D:4-7

Altars:
Vehumet

Annotations:
D:4 Drachen's ghost, experienced HuGl


Innate Abilities, Weirdness & Mutations

You have a pair of horns on your head.
When hurt, damage is shared between your health and your magic reserves.
You regenerate magic rapidly.


Message History

You are too injured to fight recklessly!
You hit Drachen's ghost but do no damage.
Drachen's ghost is moderately damaged.
You hit Drachen's ghost but do no damage.
Drachen's ghost is moderately damaged.
Drachen's ghost closely misses you.
You hit Drachen's ghost. Your headbutt misses Drachen's ghost.
Drachen's ghost is moderately damaged.
Drachen's ghost barely misses you.
You hit Drachen's ghost but do no damage.
Drachen's ghost is moderately damaged.
Drachen's ghost closely misses you.
You hit Drachen's ghost but do no damage.
Drachen's ghost is moderately damaged.
Drachen's ghost hits you!
* * * LOW HITPOINT WARNING * * *
You barely miss Drachen's ghost. Your headbutt misses Drachen's ghost.
Drachen's ghost is moderately damaged.
Drachen's ghost hits you!
You die...

### #.. #.# #.#####
#.....##. #.W...[..# #@#
########.# .. #........#
##..# #.######.# ....#
#.# #....# ##...## #.#
#.##.# ##.....##
#.###.##.## ##.......##
#.........####.........##
#####........'.........'.


You could see Drachen's ghost.

Vanquished Creatures
  Edmund (D:4)
  Sigmund (D:4)
  A worker ant (D:4)
  2 orc wizards
  6 gnolls (D:3)
  An orc zombie (D:3)
  2 adders (D:3)
  A giant mite (D:3)
  2 worms (D:3)
  2 giant geckos (D:2)
  2 oozes
  10 orcs
  2 giant cockroaches
  10 goblins
  4 hobgoblins
  A quokka (D:3)
  7 bats
  5 giant newts
  A hobgoblin zombie (D:3)
  11 kobolds
  9 rats
  3 toadstools (D:1)
84 creatures vanquished.

Vanquished Creatures (others)
  A toadstool (D:1)
1 creature vanquished.

Grand Total: 85 creatures vanquished

Notes
Turn   | Place    | Note
--------------------------------------------------------------
     0 | D:1      | xcesad, the Demonspawn Assassin, began the quest for the Orb.
     0 | D:1      | Reached XP level 1. HP: 16/16 MP: 1/1
   307 | D:1      | Reached skill level 1 in Dodging
   312 | D:1      | Reached skill level 4 in Stealth
   312 | D:1      | Gained mutation: You have a pair of small horns on your head. [demonic ancestry]
   312 | D:1      | Reached XP level 2. HP: 8/22 MP: 2/2
  1201 | D:2      | Gained mutation: When hurt, damage is shared between your health and your magic reserves. [demonic ancestry]
  1201 | D:2      | Reached XP level 3. HP: 27/27 MP: 3/3
  1725 | D:3      | Gained mutation: You have a pair of horns on your head. [demonic ancestry]
  1725 | D:3      | Reached XP level 4. HP: 23/34 MP: 4/4
  2323 | D:3      | Reached XP level 5. HP: 36/40 MP: 3/5
  2467 | D:3      | Reached skill level 1 in Shields
  2611 | D:4      | Noticed Sigmund
  2615 | D:4      | Killed Sigmund
  2615 | D:4      | Reached skill level 5 in Stealth
  2615 | D:4      | Gained mutation: You regenerate magic rapidly. [demonic ancestry]
  2615 | D:4      | Reached XP level 6. HP: 47/47 MP: 6/6
  2856 | D:4      | Noticed Edmund
  2859 | D:4      | Found a radiant altar of Vehumet.
  2873 | D:4      | Killed Edmund
  2932 | D:4      | Noticed Drachen's ghost (experienced HuGl)
  2946 | D:4      | HP: 2/47 [Drachen's ghost (10)]
  2947 | D:4      | Mangled by Drachen's ghost

Action                   |  1- 3 |  4- 6 || total
-------------------------+-------+-------++-------
Melee: Dagger            |   120 |   123 ||   243
 Fire: Blowgun           |    12 |    13 ||    25
  Use: Potion            |       |     8 ||     8
       Scroll            |       |     5 ||     5
 Stab: Sleeping          |    10 |     9 ||    19
       Confused          |       |     1 ||     1
       Distracted        |       |     2 ||     2
  Eat: Pizza             |     1 |     1 ||     2
       Meat ration       |       |     1 ||     1
